 Dungeon Crawl Stone Soup version 0.14-a0-2359-g1e808ab (webtiles) character file.

6333 Kae the Conjurer (level 10, 0/63 HPs)
             Began as a Demonspawn Ice Elementalist on Jan 31, 2014.
             Was an Elder of Vehumet.
             Slain by a hill giant zombie (17 damage)
             ... on Level 9 of the Dungeon.
             The game lasted 00:33:11 (12608 turns).

Kae the Conjurer (Demonspawn Ice Elementalist)     Turns: 12608, Time: 00:33:11

HP   0/63        AC  9     Str 10      XL: 10   Next: 57%
MP  10/25        EV 14     Int 19      God: Vehumet [****..]
Gold 290         SH  2     Dex 11 (13) Spells:  7 memorised,  7 levels left

rFire  . . .     SeeInvis .     n - +3,+2 orc whip (curse)
rCold  . . .     Clarity  .     a - +0 robe
rNeg   . . .     Conserve +     (no shield)
rPois  .         rCorr    +     (helmet restricted)
rElec  .         rRot     +     E - +1 cloak {rCorr, Cons}
SustAb . .       Spirit   .     t - +2 pair of gloves {archer}
rMut   .         Warding  .     (no boots)
Saprov + . .     Stasis   .     (no amulet)
MR     .....                    (no ring)
                                g - +2 ring of evasion

@: not resistant to hostile enchantments, unstealthy
A: horns 1, large bone plates 1, demonic guardian 1, foul stench 2, saprovore 1
a: Renounce Religion


You were on level 9 of the Dungeon.
You worshipped Vehumet.
Vehumet was greatly pleased with you.
You were hungry.

You visited 2 branches of the dungeon, and saw 10 of its levels.
You also visited: Bailey.

You collected 412 gold pieces.
You spent 122 gold pieces at shops.

Inventory:

Hand weapons
 n - a cursed +3,+2 orcish whip (weapon)
Missiles
 o - 18 tomahawks of returning
 H - 7 darts of flame (quivered)
 L - 4 tomahawks
Armour
 a - a +0 robe (worn)
 t - a +2 pair of gloves of archery (worn)
 E - a +1 cloak of preservation (worn)
Magical devices
 A - a wand of teleportation (3) {unknown}
 F - a wand of confusion (16) {unknown}
 M - a wand of flame (24)
Comestibles
 c - 2 bread rations
 C - 6 royal jellies
 I - a choko
Scrolls
 f - a scroll of noise
 i - a scroll of enchant weapon I
 k - 5 scrolls of remove curse
 q - 2 scrolls of enchant weapon II
 y - a scroll of recharging
 J - a scroll of fear {unknown}
 K - a scroll of enchant armour
 N - a scroll of acquirement {unknown}
Jewellery
 g - a +2 ring of evasion (left hand)
Potions
 d - 18 potions of curing
 e - a potion of heal wounds
 h - 2 potions of speed
 j - a potion of might
 l - a potion of brilliance {unknown}
 m - 3 potions of mutation
 p - a potion of invisibility {unknown}
 r - a potion of experience {unknown}
 s - a potion of restore abilities {unknown}
 u - a potion of confusion {unknown}
 v - a potion of flight {unknown}
 w - 3 potions of magic {unknown}
 x - a potion of paralysis {unknown}
 B - a potion of lignification {unknown}
 D - a potion of berserk rage
Books
 b - a book of Frost

   Spells                             Type                      Level
   *Freeze                            Ice                          1
   *Throw Frost                       Conjuration/Ice              2
   Ozocubu's Armour                   Charms/Ice                   3
   *Throw Icicle                      Conjuration/Ice              4
   Summon Ice Beast                   Ice/Summoning                4
   Condensation Shield                Ice                          4
 z - a book of Conjurations

   Spells                             Type                      Level
   *Magic Dart                        Conjuration                  1
   Searing Ray                        Conjuration                  2
   Dazzling Spray                     Conjuration/Hexes            3
   Iskenderun's Mystic Blast          Conjuration                  4
   *Iskenderun's Battlesphere         Conjuration/Charms           4
   Fulminant Prism                    Conjuration/Hexes            5
Magical staves
 G - an uncursed staff of air


   Skills:
 - Level 1.7 Dodging
 - Level 1.7 Stealth
 + Level 7.5 Spellcasting
 * Level 11.0 Conjurations
 + Level 8.2 Ice Magic


You had 7 spell levels left.
You knew the following spells:

 Your Spells              Type           Power        Failure   Level  Hunger
a - Freeze                Ice            ####         1%          1    None
b - Throw Frost           Conj/Ice       #####.       1%          2    None
c - Throw Icicle          Conj/Ice       #####...     1%          4    ###....
d - Magic Dart            Conj           ####         1%          1    None
e - Shock                 Conj/Air       ####         1%          1    None
f - Iskenderun's Battles  Conj/Chrm      ####....     3%          4    ###....
g - Sticky Flame          Conj/Fire      ####....     3%          4    ###....


Dungeon Overview and Level Annotations

Branches:
Dungeon (9/16)             Temple (1/1) D:5
    Orc: D:9-12        Lair: D:8-11

Altars:
Dithmengos
Fedhas
Kikubaaqudgha
Nemelex Xobeh
Okawaru
Trog
Vehumet
Xom
Yredelemnul
Zin
The Shining One

Shops:
D:6 (   D:8 [

Annotations:
D:4 Blork the orc, Edmund, Menkaure
D:7 exclusion: oklob plant


Innate Abilities, Weirdness & Mutations

You have a pair of small horns on your head.
You are partially covered in large bone plates (AC +2, SH +2).
A weak demonic guardian rushes to your aid.
You radiate miasma, and are resistant to rotting and decay.
You can tolerate rotten meat.


Message History

You hit the hill giant zombie but do no damage.
The hill giant zombie hits you!
* * * LOW HITPOINT WARNING * * *
You emit a cloud of foul miasma!
You hit the hill giant zombie.
The hill giant zombie closely misses you.
Press: ? - help, v - describe, . - travel, g - get item
Here: a hill giant zombie (foul pestilence)
An iguana corpse.
The floor.
Unknown command.
Casting: Magic Dart
Confirm with . or Enter, or press ? or * to list all spells.
Aiming: Throw Icicle
Press: ? - help, Shift-Dir - straight line, f/p - hill giant zombie
Aim: a hill giant zombie (foul pestilence)
The shard of ice hits the hill giant zombie.
The hill giant zombie partially resists.
The hill giant zombie hits you!
You die...

..## #...#.#...# #...##.#
..# #.#..#..#.# #...##.# ..
#...#.#...# ##...##.####
#.#.#...#.#.##.##.........#
#.###..#..###.#.##...##....#
##...###...#..#...#....#
#(###.#.#..#..#........#
..##.##...#.##.#...#.##.#
...##.$.##@..##.##...####.#
## #aZ#####.#.#..# #%#
###..#..#.##..# #.# ###
...##.###..# #.#
.....####.## #..# #.#
.........######.####.#
.............##.#....#
..##............#....#
#......<..#.......#


You could see a worker ant and a hill giant zombie.

Vanquished Creatures
  The ghost of Elizilla the Protected, an experienced FoFi of Okawaru (D:6)
  7 yaks
  A hungry ghost (D:7)
  A wyvern (D:9)
  A steam dragon (D:8)
  A hill giant skeleton (D:8)
  2 sky beasts
  4 ice beasts
  4 ogres
  3 orc warriors
  A centaur (D:7)
  5 jellies (D:8)
  Duvessa (D:7)
  A big kobold (D:9)
  The ghost of Kae the Firebug, an average TeFE (D:3)
  4 giant frogs
  9 wights
  A hippogriff skeleton (D:9)
  4 killer bees
  Dowan (D:7)
  A quasit (D:9)
  4 crimson imps
  2 goliath beetles
  A centaur zombie (D:6)
  An orc priest (D:6)
  A centaur skeleton (D:6)
  4 orc wizards
  2 iguanas
  4 hounds
  8 worker ants
  Ijyb (D:5)
  2 hound skeletons
  21 gnolls
  10 adders
  2 giant centipedes
  A giant mite (D:5)
  2 worms
  5 oozes (D:8)
  18 orcs
  3 ball pythons
  16 bats
  A bat skeleton (D:7)
  A bat zombie (D:5)
  A giant cockroach (D:2)
  24 goblins
  15 hobgoblins
  4 jackals (D:7)
  A quokka (D:3)
  7 giant geckos
  A giant gecko zombie (D:5)
  9 giant newts
  A jackal skeleton (D:8)
  22 kobolds
  A kobold zombie (D:5)
  15 rats
  A ballistomycete (D:9)
266 creatures vanquished.

Vanquished Creatures (collateral kills)
  An item mimic (Bailey)
  An ooze (D:4)
  A kobold (D:4)
3 creatures vanquished.

Vanquished Creatures (others)
  7 crimson imps
  7 iron imps
  4 lemures
  6 white imps
  12 ufetubi
  A kobold (D:3)
  A giant spore (D:9)
38 creatures vanquished.

Grand Total: 307 creatures vanquished

Notes
Turn   | Place    | Note
--------------------------------------------------------------
     0 | D:1      | Kae, the Demonspawn Ice Elementalist, began the quest for the Orb.
     0 | D:1      | Reached XP level 1. HP: 13/13 MP: 3/3
   265 | D:1      | Gained mutation: You are partially covered in large bone plates (AC +2, SH +2). [demonic ancestry]
   265 | D:1      | Reached XP level 2. HP: 14/19 MP: 3/5
   269 | D:1      | Learned a level 2 spell: Throw Frost
   807 | D:1      | Reached skill level 3 in Ice Magic
  1348 | D:2      | Reached XP level 3. HP: 24/24 MP: 0/6
  1957 | D:2      | Reached XP level 4. HP: 30/30 MP: 2/8
  2391 | D:3      | Found a glowing golden altar of the Shining One.
  2462 | D:3      | Noticed Kae's ghost (average TeFE)
  2498 | D:3      | Killed Kae's ghost
  2498 | D:3      | Gained mutation: A weak demonic guardian rushes to your aid. [demonic ancestry]
  2498 | D:3      | Reached XP level 5. HP: 26/35 MP: 0/11
  3777 | D:4      | Noticed Menkaure
  3929 | D:4      | Noticed Edmund
  3933 | D:4      | Noticed Blork the orc
  3936 | D:5      | Entered Level 5 of the Dungeon
  3940 | D:5      | Reached skill level 4 in Conjurations
  3940 | D:5      | Gained mutation: You have a pair of small horns on your head. [demonic ancestry]
  3940 | D:5      | Reached XP level 6. HP: 38/41 MP: 7/13
  4016 | D:5      | Noticed a sky beast
  4036 | D:5      | Killed a sky beast
  4476 | D:5      | Found a staircase to the Ecumenical Temple.
  4484 | Temple   | Entered the Ecumenical Temple
  4510 | Temple   | Became a worshipper of Vehumet
  4567 | D:5      | Found a sparkling altar of Nemelex Xobeh.
  4878 | D:5      | Reached skill level 5 in Conjurations
  4910 | D:5      | Learned a level 4 spell: Throw Icicle
  4912 | D:5      | Learned a level 1 spell: Magic Dart
  4969 | D:5      | Gained mutation: You can tolerate rotten meat. [demonic ancestry]
  4969 | D:5      | Reached XP level 7. HP: 46/46 MP: 11/15
  5198 | D:5      | Noticed Ijyb
  5207 | D:5      | Killed Ijyb
  5236 | D:5      | Noticed an ice beast
  5250 | D:5      | Killed an ice beast
  5531 | D:5      | Acquired Vehumet's first power
  5531 | D:5      | Offered knowledge of Shock by Vehumet.
  5534 | D:5      | Learned a level 1 spell: Shock
  5667 | D:6      | Noticed Elizilla's ghost (experienced FoFi)
  5815 | D:6      | Killed Elizilla's ghost
  5815 | D:6      | Reached skill level 7 in Conjurations
  5815 | D:6      | Reached skill level 5 in Ice Magic
  5815 | D:6      | Reached XP level 8. HP: 35/52 MP: 10/19
  5996 | D:6      | Reached skill level 5 in Spellcasting
  6492 | D:6      | Noticed a yak
  6494 | D:6      | Noticed a yak
  6496 | D:6      | Noticed a yak
  6689 | D:6      | Reached skill level 8 in Conjurations
  6782 | D:6      | Found Woukidou's Antique Weapon Emporium.
  7016 | D:6      | Killed a yak
  7016 | D:6      | Gained mutation: You emit a foul stench, and are resistant to rotting and decay. [demonic ancestry]
  7016 | D:6      | Reached XP level 9. HP: 54/57 MP: 11/21
  7031 | D:6      | Killed a yak
  7085 | D:6      | Killed a yak
  7632 | D:7      | Offered knowledge of Sting by Vehumet.
  7720 | D:7      | Found a flagged portal.
  7731 | Bailey   | Entered a bailey
  8035 | Bailey   | Reached skill level 9 in Conjurations
  8096 | Bailey   | Offered knowledge of Mephitic Cloud by Vehumet.
  8468 | Bailey   | Killed a potion of heal wounds mimic
  9035 | D:7      | Acquired Vehumet's second power
  9212 | D:7      | Noticed Duvessa
  9227 | D:7      | Noticed Dowan
  9375 | D:7      | Killed Duvessa
  9378 | D:7      | Killed Dowan
  9647 | D:7      | Found an ancient bone altar of Kikubaaqudgha.
  9647 | D:7      | Noticed an oklob plant
  9904 | D:7      | Found a shimmering altar of Xom.
 10031 | D:8      | Found Klutoo Wehubb's Armour Emporium.
 10036 | D:7      | Reached skill level 10 in Conjurations
 10350 | D:8      | Gained mutation: You radiate miasma, and are resistant to rotting and decay. [demonic ancestry]
 10350 | D:8      | Reached XP level 10. HP: 60/63 MP: 16/24
 10351 | D:8      | Offered knowledge of Sticky Flame by Vehumet.
 10374 | D:8      | Learned a level 4 spell: Iskenderun's Battlesphere
 10431 | D:8      | Bought a +1 cloak of preservation for 122 gold pieces
 11006 | D:8      | Learned a level 4 spell: Sticky Flame
 11109 | D:8      | Found a shadowy altar of Dithmengos.
 11759 | D:9      | Acquired Vehumet's third power
 11769 | D:9      | Offered knowledge of Bolt of Draining by Vehumet.
 12505 | D:9      | Reached skill level 11 in Conjurations
 12608 | D:9      | Slain by a hill giant zombie

Action                   |  1- 3 |  4- 6 |  7- 9 | 10-12 || total
-------------------------+-------+-------+-------+-------++-------
Melee: Unarmed           |    15 |    28 |    19 |       ||    62
       Staff             |       |       |     2 |       ||     2
       Whip              |       |       |    71 |    52 ||   123
 Cast: Freeze            |    72 |   115 |   184 |    95 ||   466
       Throw Frost       |     3 |     9 |    74 |    23 ||   109
       Magic Dart        |       |       |    48 |    21 ||    69
       Shock             |       |       |     5 |    10 ||    15
       Throw Icicle      |       |       |    44 |    14 ||    58
       Sticky Flame      |       |       |       |     2 ||     2
       Iskenderun's Batt |       |       |       |     1 ||     1
Evoke: Wand              |       |       |     1 |       ||     1
  Use: Potion            |       |     3 |     2 |       ||     5
       Scroll            |       |       |    17 |     2 ||    19
 Stab: Sleeping          |       |     1 |       |     1 ||     2
